 Dungeon Crawl Stone Soup version 0.21.1-1-g345015f (webtiles) character file.

53 kae the Insei (level 3, 0/26 HPs)
             Began as a Demonspawn Transmuter on May 21, 2018.
             Slain by an orc
             ... wielding a +0 mace
              (7 damage)
             ... on level 2 of the Dungeon.
             The game lasted 00:01:48 (2017 turns).

kae the Insei (Demonspawn Transmuter)               Turns: 2017, Time: 00:01:48

Health: 0/26       AC:  5    Str: 10    XL:     3   Next: 64%
Magic:  1/6        EV: 12    Int: 14    God:
Gold:   78         SH:  0    Dex: 14    Spells: 0/6 levels left

rFire    . . .     SeeInvis .     - Unarmed
rCold    . . .     Gourm    .   (no shield)
rNeg     . . .     Faith    .   b - +0 robe
rPois    .         Spirit   .   (no helmet)
rElec    .         Reflect  .   (no cloak)
rCorr    .         Harm     .   (no gloves)
MR       .....                  (no boots)
Stlth    +.........             (no amulet)
HPRegen  0.08/turn              (no ring)
MPRegen  0.10/turn              (no ring)

@: drained
A: thin metallic scales 2
a: no special abilities


You were on level 2 of the Dungeon.
You were very hungry.

You visited 1 branch of the dungeon, and saw 3 of its levels.

You collected 78 gold pieces.

Inventory:

Missiles
 a - 8 arrows
Armour
 b - a +0 robe (worn)
Scrolls
 e - 4 scrolls of magic mapping
 g - 2 scrolls of fog {unknown}
 i - 2 scrolls of identify {unknown}
 k - a scroll of immolation {unknown}
 l - a scroll of amnesia {unknown}
Potions
 f - a potion of ambrosia {unknown}
 h - a potion of degeneration {unknown}
 j - 3 potions of lignification {unknown}
Books
 c - a book of Changes

   Spells                             Type                      Level
   a - Beastly Appendage              Transmutation                1
   b - Sticks to Snakes               Transmutation                2
   c - Spider Form                    Transmutation/Poison         3
   d - Ice Form                       Ice/Transmutation            4
   e - Blade Hands                    Transmutation                5
Comestibles
 d - 3 rations


   Skills:
 + Level 1.6(1.5) Fighting
 - Level 1.7 Dodging
 * Level 3.2 Unarmed Combat
 + Level 2.3 Spellcasting
 * Level 2.5 Transmutations


You couldn't memorise any spells.
You knew the following spells:

 Your Spells              Type           Power        Failure   Level  Hunger
a - Beastly Appendage     Tmut           #.....       9%          1    #......
b - Sticks to Snakes      Tmut           #.......     12%         2    ###....
c - Spider Form           Tmut/Pois      #.........   38%         3    ###....


Dungeon Overview and Level Annotations

Branches:
Dungeon (3/15)

Altars:

Annotations:
D:2 Sigmund


Innate Abilities, Weirdness & Mutations

You are mostly covered in thin metallic scales. (AC +3)


Message History

Casting: Sticks to Snakes
Confirm with . or Enter, or press ? or * to list all spells.
You create a snake!
You now have 10 arrows.
The orc hits you with a mace.
* * * LOW HITPOINT WARNING * * *
You swap places.
The orc hits your ball python with a mace!
Your ball python dies!
There is a stone staircase leading up here.
Casting: Sticks to Snakes
Confirm with . or Enter, or press ? or * to list all spells.
You create a snake!
You now have 9 arrows.
You are feeling very hungry.
The orc hits your ball python with a mace.
Your ball python dies!
You see here a clear potion.
Casting: Sticks to Snakes
Confirm with . or Enter, or press ? or * to list all spells.
You create a snake!
You now have 8 arrows.
The orc hits you with a mace!
You die...

**#,**#.####....#
#.* #.....<.#.#
#.###.####....#
*#....# #.##.#
****
##!#.####.#*.#
*,,,
#.#.#..†.#*.#**,,,
#.#.#.##.......,,*
#o#.#.########.,*,
#@#<#.# *,,,*
#S#.#.# *,,,,
##.#.#.# *,,,,
##..#.#.# *,,,,
#.....#.# *****
#..####.# #..* #.#
#..* #.# #..# #.#


You could see an orc and a friendly ball python.

Vanquished Creatures
  Robin (D:2)
  3 bats
  4 giant cockroaches
  8 hobgoblins
  A frilled lizard (D:1)
  11 goblins
  6 kobolds
  2 rats
36 creatures vanquished.

Notes
Turn   | Place    | Note
-------+----------+-------------------------------------------
     0 | D:1      | kae the Demonspawn Transmuter began the quest for the Orb.
     0 | D:1      | Reached XP level 1. HP: 15/15 MP: 3/3
   212 | D:1      | Gained mutation: You are partially covered in thin metallic scales. (AC +2) [demonic ancestry]
   212 | D:1      | Reached XP level 2. HP: 14/21 MP: 5/5
   635 | D:1      | Reached skill level 3 in Unarmed Combat
  1172 | D:2      | You fall through a shaft!
  1435 | D:2      | Gained mutation: You are mostly covered in thin metallic scales. (AC +3) [demonic ancestry]
  1435 | D:2      | Reached XP level 3. HP: 21/26 MP: 6/6
  1445 | D:2      | Noticed Robin
  1501 | D:2      | Learned a level 2 spell: Sticks to Snakes
  1505 | D:2      | Learned a level 3 spell: Spider Form
  1720 | D:2      | Killed Robin
  1737 | D:2      | Noticed Sigmund
  2017 | D:2      | Slain by an orc

Skill      XL: |  1  2 |
---------------+-------+-----
Transmutations | 2 |  2.5
Unarmed Combat | 3 |  3.2
Fighting       | |  1.6
Dodging        | |  1.7
Spellcasting   | |  2.3

Action                   || total
-------------------------++-------
Melee: Unarmed           ||   138
       Headbutt          ||     6
       Kick              ||     3
 Cast: Beastly Appendage ||    16
       Sticks to Snakes  ||     4
  Use: Scroll            ||     1
  Eat: Chunk             ||     3
Armor: Robe              ||    41
Dodge: Dodged            ||    87
